 Dungeon Crawl Stone Soup version 0.32-a0-630-g46d191b0ed (webtiles) character file.

Game seed: 13002280141817798878

375 Alarak the Apothecary (level 6, -4/41 HPs)
             Began as a Demonspawn Alchemist on Mar 7, 2024.
             Was an Initiate of Vehumet.
             Slain by a sleepcap (10 damage)
             ... on level 4 of the Dungeon.
             The game lasted 00:11:08 (5010 turns).

Alarak the Apothecary (Demonspawn Alchemist)        Turns: 5010, Time: 00:11:08

Health: -4/41      AC:  7    Str: 14      XL:     6   Next: 44%
Magic:  5/9        EV:  2    Int: 23 (24) God:    Vehumet [......]
Gold:   180        SH:  0    Dex: 14 (15) Spells: 4/9 levels left

rFire   . . .        e - +0 dagger
rCold   + . .        (no shield)
rNeg    + + .        a - +0 robe
rPois   .            (helmet restricted)
rElec   .            g - +1 cloak
rCorr   .            o - +0 pair of gloves
SInv    .            c - +0 pair of boots
Will    .....        (no amulet)
Stlth   +            j - +6 ring of strength
HPRegen 0.26/turn    h - ring "Sogil" {rC+ rN++ Int+6 Dex+2 Stlth-}
MPRegen 0.11/turn

%: no passive effects
@: sleeping, wreathed by umbra
A: antennae 1, sharp scales 1, foul shadow 1
a: Renounce Religion


You were on level 4 of the Dungeon.
You worshipped Vehumet.
Vehumet was noncommittal.
You visited 2 branches of the dungeon, and saw 5 of its levels.

You collected 180 gold pieces.

Inventory:

Hand Weapons
 e - a +0 dagger (weapon)
Armour
 a - a +0 robe (worn)
 c - a +0 pair of boots (worn)
 g - a +1 cloak (worn)
 o - a +0 pair of gloves (worn)
Jewellery
 h - the ring "Sogil" (right hand) {rC+ rN++ Int+6 Dex+2 Stlth-}
   (You found it on level 4 of the Dungeon)

   [ring of intelligence]

   Int+6:     It affects your intelligence (+6).
   Dex+2:     It affects your dexterity (+2).
   rC+:       It protects you from cold.
   rN++:      It greatly protects you from negative energy.
   Stlth-:    It makes you less stealthy.
 j - a +6 ring of strength (left hand)
Wands
 l - a wand of roots (14)
 n - a wand of polymorph (2)
Scrolls
 f - a scroll of vulnerability
 i - 4 scrolls of teleportation
 m - a scroll of poison
 p - 3 scrolls of identify
 q - a scroll of revelation {unknown}
Potions
 b - a potion of magic
 d - a potion of attraction
 k - a potion of might {unknown}
 r - a potion of mutation {unknown}


   Skills:
 - Level 1.7 Dodging
 - Level 1.7 Stealth
 - Level 2.0 Spellcasting
 - Level 1.0 Conjurations
 + Level 7.3 Alchemy


You had 4 spell levels left.
You knew the following spells:

 Your Spells              Type           Power      Damage    Failure   Level
a - Sting                 Conj/Alch      84%        1d8       2%          1
b - Olgreb's Toxic Radia  Alch           36%        N/A       6%          4

Your spell library contained the following spells:

 Spells                   Type           Power      Damage    Failure   Level
 Mercury Vapours          Alch/Air       38%        N/A       4%          2
 Foxfire                  Conj/Fire      16%        2x1d4     11%         1
 Mephitic Cloud           Conj/Alch/Air  15%        N/A       12%         3
 Sticky Flame             Fire/Alch      19%        2d6       28%         4
 Plasma Beam              Fire/Air       1%         2x1d11    100%        6
 Starburst                Conj/Fire      2%         6d3       100%        6


Dungeon Overview and Level Annotations

Branches:
Dungeon (4/15)             Temple (1/1) D:4

Altars:
Ashenzari
Cheibriados
Dithmenos
Fedhas
Gozag
Hepliaklqana
Kikubaaqudgha
Makhleb
Nemelex Xobeh
Okawaru
Ru
Sif Muna
Uskayaw
Vehumet
Wu Jian
Xom

Annotations:
D:4 2 transporters, MirrMurr's ghost, novice OnGl


Innate Abilities, Weirdness & Mutations

You have a pair of small antennae on your head.
You are partially covered in razor-sharp scales. (AC +1, Slay +1)
You are faintly shadowed, very rarely releasing foul flame when damaged in melee.


Message History

The sleepcap releases spores at you.
You are engulfed in a cloud of soporific spores!
You fall asleep.
The sleepcap releases spores at you.
You wake up.
You are engulfed in a cloud of soporific spores!
You are unaffected.
Casting: Olgreb's Toxic Radiance (quite dangerous; 6% risk of failure)
Confirm with . or Enter, or press ? or * to list all spells.
You begin to radiate toxic energy.
The sleepcap barely misses you.
You hit the sleepcap but do no damage.
The sleepcap is lightly damaged.
The sleepcap misses you.
You completely miss the sleepcap.
The sleepcap is lightly damaged.
The sleepcap closely misses you.
You hit the sleepcap.
The sleepcap is lightly damaged.
Your toxic aura wanes.
The sleepcap closely misses you.
You hit the sleepcap.
The sleepcap is moderately damaged.
The sleepcap barely misses you.
You hit the sleepcap.
The sleepcap is moderately damaged.
The sleepcap releases spores at you.
* * * LOW HITPOINT WARNING * * *
You hit the sleepcap.
The sleepcap is heavily damaged.
The sleepcap releases spores at you but does no damage.
You hit the sleepcap.
The sleepcap is severely damaged.
The sleepcap misses you.
You hit the sleepcap.
The sleepcap is severely damaged.
The sleepcap releases spores at you.
* * * LOW HITPOINT WARNING * * *
You are engulfed in a cloud of soporific spores!
You fall asleep.
The sleepcap releases spores at you!
You die...

##### [# ....# #.##
###.# ...# #.# ...##
##.## ....# ##...##
,..$.# #.###.##
########...#
.#####.####.....@ff..#
............##########
..♣.♣...###########
#..>..............#
#.♣.♣....#####.##.##
#........# #.#...##
#.#..#...# #.†....#
...[.....# #.......#
.........# #........


You could see 2 sleepcaps.

Vanquished Creatures
  2 hounds (D:4)
  Ijyb (D:4)
  An iguana (D:4)
  9 gnolls
  3 adders
  2 dart slugs
  2 ribbon worms (D:4)
  5 orcs
  4 bats
  5 endoplasms
  3 giant cockroaches
  32 goblins
  28 hobgoblins
  2 quokkas (D:1)
  9 ball pythons
  5 frilled lizards
  9 kobolds
  5 rats
127 creatures vanquished.

Notes
Turn   | Place    | Note
-------+----------+-------------------------------------------
     0 | D:1      | Alarak the Demonspawn Alchemist began the quest for the
                  | Orb.
     0 | D:1      | Reached XP level 1. HP: 13/13 MP: 3/3
   448 | D:1      | Gained mutation: You have a pair of small antennae on your
                  | head. [demonic ancestry]
   448 | D:1      | Reached XP level 2. HP: 19/19 MP: 1/5
  1498 | D:2      | Reached skill level 4 in Alchemy
  1688 | D:2      | Reached XP level 3. HP: 24/24 MP: 0/6
  1918 | D:2      | Gained mutation: You are partially covered in razor-sharp
                  | scales. (AC +1, Slay +1) [demonic ancestry]
  1918 | D:2      | Reached XP level 4. HP: 30/30 MP: 2/7
  1924 | D:2      | Reached skill level 5 in Alchemy
  3008 | D:3      | Reached XP level 5. HP: 32/35 MP: 3/8
  3029 | D:3      | HP: 1/35 [hobgoblin/+0 club (3)]
  3045 | D:3      | HP: 1/35 [goblin (1)]
  3228 | D:3      | Learned a level 4 spell: Olgreb's Toxic Radiance
  3235 | D:3      | Reached skill level 6 in Alchemy
  4232 | D:4      | Found a shadowy altar of Dithmenos.
  4321 | D:4      | Identified the ring "Sogil" {rC+ rN++ Int+6 Dex+2 Stlth-}
  4402 | D:4      | Found a transporter.
  4411 | D:4      | Noticed MirrMurr's ghost (novice OnGl)
  4444 | D:4      | Found a transporter.
  4466 | D:4      | Gained mutation: You are faintly shadowed, very rarely
                  | releasing foul flame when damaged in melee. [demonic
                  | ancestry]
  4466 | D:4      | Reached XP level 6. HP: 22/41 MP: 6/9
  4613 | D:4      | Noticed Ijyb
  4625 | D:4      | Killed Ijyb
  4626 | D:4      | Reached skill level 7 in Alchemy
  4658 | D:4      | Found a staircase to the Ecumenical Temple.
  4716 | Temple   | Entered the Ecumenical Temple
  4726 | Temple   | Became a worshipper of Vehumet
  5010 | D:4      | Slain by a sleepcap

Illustrated notes

Levels and vault maps discovered:
D:1:      dpeg_arrival_chambers_temple_mockup, layout_basic,
          serial_corexii_hall, chequers_hall_statues_wall_a,
          corexii_hall_statues_t, chequers_hall_statues_wall_a
D:2:      layout_basic, grunt_ministairs_10
D:3:      minmay_goblin_kobold_castle, layout_rooms
D:4:      layout_loops_ring, mainiacjoe_overflow_six_doors_small,
          minmay_temple_entry_trees, gammafunk_ghost_stat_death,
          hellmonk_no_cap, uniq_ijyb, uniq_grinder
Temple:   regret_index_temple_chain_breaker

Skill      XL: |  1  2  3  4  5  6 |
---------------+-------------------+-----
Alchemy        | 4 5 6 7 |  7.3
Dodging        | |  1.7
Stealth        | |  1.7
Spellcasting   | |  2.0
Conjurations   | |  1.0

Action                     |  1- 3 |  4- 6 || total
---------------------------+-------+-------++-------
  Melee: Unarmed           |     6 |     6 ||    12
         Dagger            |    51 |   123 ||   174
   Cast: Sting             |    57 |    99 ||   156
         Olgreb's Toxic Ra |       |    10 ||    10
    Use: Scroll            |     2 |     5 ||     7
         Potion            |       |     3 ||     3
 Armour: Robe              |    40 |   156 ||   196
         Skin              |       |     2 ||     2
  Dodge: Dodged            |    47 |   178 ||   225

Table legend: (Time is in decaauts)
 A = Elapsed time spent in this place.
 B = Non-inter-level travel time spent in this place.
 C = Inter-level travel time spent in this place.
 D = Time resting spent in this place.
 E = Time spent auto-exploring this place.
 F = Levels seen in this place.
 G = Mean time per level.
                   A        B        C        D        E       F      G
               +--------+--------+--------+--------+--------+-----+--------+
         Total |   5022 |   4791 |    231 |    742 |   3296 |   5 | 1004.4 |
       Dungeon |   5001 |   4789 |    212 |    742 |   3296 |   4 | 1250.2 |
        Temple |     20 |      1 |     19 |      0 |      0 |   1 |   20.0 |
               +--------+--------+--------+--------+--------+-----+--------+

Top non-repeatable levels by time:
     D:3: 1769 daAuts
     D:1: 1462 daAuts
     D:2: 967 daAuts
     D:4: 802 daAuts
  Temple: 20 daAuts
